 Dungeon Crawl Stone Soup version 0.17.1-3-g152610e (webtiles) character file.

252 MsStandart the Slasher (level 6, 0/44 HPs)
             Began as a Human Gladiator on Apr 6, 2016.
             Was an Initiate of Elyvilon.
             Killed by divine providence
             ... invoked by an orc priest
              (10 damage)
             ... on level 4 of the Dungeon.
             The game lasted 00:22:24 (3274 turns).

MsStandart the Slasher (Human Gladiator)            Turns: 3274, Time: 00:22:24

Health: 0/44       AC:  7    Str: 20    XL:     6   Next: 36%
Magic:  6/6        EV: 11    Int:  8    God:    Elyvilon [......]
Gold:   120        SH:  4    Dex: 13    Spells: 0 memorised, 5 levels left

rFire  . . .     SeeInvis .     a - +0 long sword
rCold  . . .     Clarity  .     l - +0 ring mail
rNeg   . . .     SustAt   .     g - +0 buckler
rPois  .         Gourm    .     c - +1 helmet
rElec  .         Spirit   .     (no cloak)
rCorr  .         Warding  .     (no gloves)
rMut   .         Stasis   .     (no boots)
MR     .....                    (no amulet)
Stlth  +.........               (no ring)
                                p - +2 ring of strength

@: lethally poisoned (0 -> -4), hasted, very quick, not resistant to hostile
enchantments, very unstealthy
A: no striking features
a: Renounce Religion


You were on level 4 of the Dungeon.
You worshipped Elyvilon.
Elyvilon was noncommittal.
You were hungry.

You visited 1 branch of the dungeon, and saw 4 of its levels.

You collected 120 gold pieces.

Inventory:

Hand Weapons
 a - a +0 long sword (weapon)
Missiles
 d - 3 throwing nets (quivered)
Armour
 c - a +1 helmet (worn)
 g - a +0 buckler (worn)
 l - a +0 ring mail (worn)
Jewellery
 p - a +2 ring of strength (left hand)
Wands
 b - a wand of disintegration (7)
Scrolls
 e - a scroll of enchant armour
 k - 4 scrolls of immolation
 q - 3 scrolls of identify
Potions
 h - a potion of degeneration {unknown}
 i - 2 potions of haste
 n - a potion of ambrosia {unknown}
Comestibles
 f - a fruit
 m - a beef jerky
 o - 2 bread rations


   Skills:
 - Level 2.0 Fighting
 + Level 4.8 Long Blades
 - Level 2.0 Throwing
 + Level 3.6 Armour
 - Level 3.0 Dodging
 + Level 1.2 Stealth
 + Level 1.4 Shields
 + Level 0.2 Evocations


You had 5 spell levels left.
You didn't know any spells.

Dungeon Overview and Level Annotations

Branches:
Dungeon (4/15)
 Temple: D:4-7

Altars:
Elyvilon

Annotations:
D:3 Grim's ghost, amateur MiGl


Message History

You feel sick. The worker ant barely misses you.
An orc priest comes into view. It is wielding a club.
Zapping:
b - a wand of disintegration {zapped: 5} (will waste charges)
Press: ? - help, Shift-Dir - straight line The worker ant is blasted.
You blow up the worker ant!
Evoking this partially-identified wand wasted a few charges.
The orc priest shouts!
You feel sick.
The orc priest invokes the aid of Beogh against you.
Something smites you!
The orc priest calls down the wrath of Beogh upon you.
Something smites you!
* * * LOW HITPOINT WARNING * * *
The jackal bites you but does no damage.
It was a potion of haste.
You feel yourself speed up.
You feel sick.
The jackal bites you but does no damage.
The orc priest calls down the wrath of Beogh upon you.
Something smites you!
You die...

#.# .. .. #.# . #.#
. ##########.# ..
...........# ...
...........# ....
...........# .....
..........o###......
.........hhh@......#
.h.......o######....
......%o..# .
..........#
...........
........<..P
.......PP..
.....P....


You could see 2 orc priests, an orc and 3 jackals.

Vanquished Creatures
  A scorpion (D:4)
  A hound (D:4)
  An orc priest (D:4)
  An orc wizard (D:4)
  A worker ant (D:4)
  4 adders
  2 oozes
  2 worms (D:3)
  6 orcs
  3 giant cockroaches
  2 hobgoblins
  2 jackals (D:1)
  2 quokkas (D:2)
  3 bats
  3 giant newts
  3 goblins
  A quokka skeleton (D:4)
  A rat (D:2)
39 creatures vanquished.

Notes
Turn   | Place    | Note
--------------------------------------------------------------
     0 | D:1      | MsStandart the Human Gladiator began the quest for the Orb.
     0 | D:1      | Reached XP level 1. HP: 16/16 MP: 1/1
   336 | D:1      | Reached XP level 2. HP: 15/22 MP: 2/2
  1236 | D:2      | Reached skill level 1 in Armour
  1236 | D:2      | Reached XP level 3. HP: 20/27 MP: 3/3
  1309 | D:2      | Found a white marble altar of Elyvilon.
  1317 | D:2      | Became a worshipper of Elyvilon the Healer
  1449 | D:2      | Reached skill level 1 in Stealth
  1791 | D:3      | Reached XP level 4. HP: 14/33 MP: 4/4
  1984 | D:3      | Found a faded altar to an unknown god.
  2102 | D:3      | Reached skill level 4 in Long Blades
  2219 | D:3      | Noticed Grim's ghost (amateur MiGl)
  2255 | D:4      | Reached skill level 1 in Shields
  2607 | D:4      | Reached XP level 5. HP: 25/38 MP: 5/5
  3000 | D:4      | Reached XP level 6. HP: 32/44 MP: 6/6
  3274 | D:4      | Killed from afar by an orc priest

Action                   |  1- 3 |  4- 6 || total
-------------------------+-------+-------++-------
Melee: Long sword        |    91 |    90 ||   181
Evoke: Wand              |       |     3 ||     3
  Use: Scroll            |     7 |     2 ||     9
       Potion            |       |     1 ||     1
 Stab: Sleeping          |     1 |       ||     1
  Eat: Chunk             |     1 |       ||     1
       Bread ration      |     1 |       ||     1
       Fruit             |       |     2 ||     2
